 Dungeon Crawl Stone Soup version 0.23.2-33-g5129a83184 (webtiles) character file.

Game seed: 7876408716540909687

32 Folque the Charmwright (level 3, 0/29 HPs)
             Began as a Centaur Skald on July 8, 2019.
             Succumbed to an adder's poison
             ... on level 1 of the Dungeon.
             The game lasted 00:03:02 (892 turns).

Folque the Charmwright (Centaur Skald)               Turns: 892, Time: 00:03:03

Health: 0/29       AC:  4    Str: 18    XL:     3   Next: 10%
Magic:  2/5        EV:  9    Int: 13    God:
Gold:   35         SH:  0    Dex:  8    Spells: 2/5 levels left

rFire    . . .     SeeInvis .   a - +0 falchion
rCold    . . .     Gourm    .   (no shield)
rNeg     . . .     Faith    .   b - +0 leather armour
rPois    .         Spirit   .   (no helmet)
rElec    .         Reflect  .   (no cloak)
rCorr    .         Harm     .   (no gloves)
MR       .....                  (no barding)
Stlth    ..........             (no amulet)
HPRegen  0.09/turn              (no ring)
MPRegen  0.09/turn              (no ring)

@: mighty, lethally poisoned (0 -> -14), infused (expiring), very quick
A: large, hooves 3, deformed body, speed 2, tough skin 3
a: no special abilities


You were on level 1 of the Dungeon.
You were not hungry.

You visited 1 branch of the dungeon, and saw 2 of its levels.

You collected 35 gold pieces.

Inventory:

Hand Weapons
 a - a +0 falchion (weapon)
 c - a cursed +0 whip
 j - a +0 halberd
Armour
 b - a +0 leather armour (worn)
Jewellery
 k - an uncursed amulet of regeneration {unknown}
Scrolls
 e - a scroll of fog {unknown}
 h - a scroll of identify {unknown}
Potions
 g - a potion of lignification {unknown}
Comestibles
 d - 3 rations
 i - 9 chunks of flesh


   Skills:
 - Level 2.0 Fighting
 + Level 2.4 Long Blades
 - Level 0.6 Armour
 - Level 1.3 Dodging
 * Level 1.9 Spellcasting
 + Level 3.2 Charms


You had 2 spell levels left.
You knew the following spells:

 Your Spells              Type           Power        Failure   Level  Hunger
a - Infusion              Chrm           #...         9%          1    ##.....
b - Shroud of Golubria    Chrm/Tloc      #.........   24%         2    ###....

Your spell library contained the following spells:

 Spells                   Type           Power        Failure   Level  Hunger
 Song of Slaying          Chrm           #.......     12%         2    ###....
 Regeneration             Chrm/Necr      #.........   43%         3    ####...
 Spectral Weapon          Hex/Chrm       #.......     43%         3    ####...


Dungeon Overview and Level Annotations

Branches:
Dungeon (2/15)

Altars:


Innate Abilities, Weirdness & Mutations

You have hooves in place of feet.
Armour fits poorly on your strangely shaped body.
You cover ground very quickly.
You have extremely tough skin. (AC +3)


Message History

The adder poisons you!
You feel sick.
You feel sick.
You feel sick.
Your magical infusion is running out.
You feel sick. The adder bites you.
* * * LOW HITPOINT WARNING * * *
You are more poisoned.
The adder poisons you!
You miss the adder. You kick the adder.
The adder is moderately wounded.
* * * LOW HITPOINT WARNING * * *
You feel sick. The adder bites you.
* * * LOW HITPOINT WARNING * * *
You are more poisoned.
The adder poisons you!
It was a potion of might.
You feel very mighty all of a sudden.
You die...

#.# #.#.##.####.# ##.##
#.#.#.....#.# #...#
#.#.#..##.#.# #...#
#.#)#.....#.# #...#
#.#.รท.....#.#
#...#########.###.#.###.#
..................>...#.#
#####.#######.#.###.#.#.#
#.# #.#.@.#.#.#.# #.#
#.#.#S#.#.#.# #.#
#.#.#.#.#.#.#### #####.#
#.#.#...#......#
....#.#######...#####.#.##.#
....#...................##.#
....'.................####.#
....#################.# #.#
....# #.# #.#


You could see an adder.

Vanquished Creatures
  A gnoll (D:1)
  A dart slug (D:1)
  A leopard gecko (D:1)
  3 giant cockroaches (D:1)
  A goblin (D:1)
  3 hobgoblins (D:1)
  2 jackals (D:1)
  A bat (D:1)
  A frilled lizard (D:1)
  3 kobolds (D:1)
  2 rats (D:1)
19 creatures vanquished.

Notes
Turn   | Place    | Note
-------+----------+-------------------------------------------
     0 | D:1      | Folque the Centaur Skald began the quest for the Orb.
     0 | D:1      | Reached XP level 1. HP: 17/17 MP: 3/3
   163 | D:1      | Reached XP level 2. HP: 11/24 MP: 4/4
   484 | D:1      | Reached skill level 3 in Charms
   694 | D:1      | Reached XP level 3. HP: 17/29 MP: 5/5
   717 | D:1      | Learned a level 2 spell: Shroud of Golubria
   891 | D:1      | HP: 1/29 [adder (3)]
   892 | D:1      | Succumbed to an adder's poison

Skill      XL: |  1  2 |
---------------+-------+-----
Long Blades    | 2 |  2.4
Charms         | 3 |  3.2
Fighting       | |  2.0
Armour         | |  0.6
Dodging        | |  1.3
Spellcasting   | |  1.9

Action                   || total
-------------------------++-------
Melee: Falchion          ||    64
       Kick              ||     8
 Cast: Infusion          ||     2
       Shroud of Golubri ||     1
  Use: Potion            ||     1
Armor: Leather armour    ||    33
Dodge: Dodged            ||    29
       Rpst.: Falchion   ||    12
